cohdb
Replays
Latest Replays
All Replays
Popular Replays
Top Player Replays
Match Explorer
How It Works
Community
CoH3 Stats
Reddit
Sign in to upload your games and track your stats! →
Sign in with Steam
Match 45757038
Unlisted
Match 45757038
Overview
Messages
Build Orders
End
Pioneer Squad
Selects Italian Coastal Battlegroup
Selects Coastal Reserves
Coastal Reserve
Coastal Reserve
Coastal Reserve
Construct Infanterie Kompanie
MG 42 Machine Gun Team
Medical Station
Construct Luftwaffe Kompanie
221 Scout Car
Selects Artillery Officer
Artillery Officer
Selects Designate Defensive Line
Selects Rapid Fortifications
Rapid Fortifications
MG 42 Machine Gun Team
MG 42 Bunker
Pioneer Squad
Designate Defensive Line
Support Elements
Rapid Fortifications
Selects Coastal Wall
Selects Call the Reserves!
Skeng.Tecnica.International
Legionary
0
0
Comments
sign in to comment!
No comments posted yet!